 Seeded DCSS version 0.26.0-7-g794d0892b4 (webtiles) character file.

Game seed: 20210110 (custom seed)

246 petra the Caller (level 6, -1/32 HPs)
             Began as a Tengu Hedge Wizard on Jan 10, 2021.
             Slain by a gnoll
             ... wielding a +2 halberd of venom
              (11 damage)
             ... on level 4 of the Dungeon on Jan 11, 2021.
             The game lasted 00:21:13 (4259 turns).

petra the Caller (Tengu Hedge Wizard)               Turns: 4259, Time: 00:21:13

Health: -1/32      AC:  3    Str: 11    XL:     6   Next: 11%
Magic:  4/13       EV: 15    Int: 15    God:
Gold:   41         SH:  3    Dex: 14    Spells: 8/13 levels left

rFire    . . .     SeeInvis +   v - +0 long sword
rCold    . . .     Faith    .   q - +0 buckler
rNeg     . . .     Spirit   .   b - +0 robe
rPois    .         Reflect  .   c - +0 hat
rElec    .         Harm     .   m - +0 cloak
rCorr    .         Rampage  .   (no gloves)
Will     .....                  (boots unavailable)
Stlth    ++........             (no amulet)
HPRegen  0.10/turn              s - ring of see invisible
MPRegen  0.13/turn              (no ring)

@: lethally poisoned (-1 -> -11), flying quickly and evasively, quick
A: beak, talons 3, able to fly
a: Stop Flying


You were on level 4 of the Dungeon.
You visited 1 branch of the dungeon, and saw 4 of its levels.

You collected 41 gold pieces.

Inventory:

Hand Weapons
 a - a +0 dagger
 v - a +0 long sword (weapon)
Missiles
 d - 118 stones
Armour
 b - a +0 robe (worn)
 c - a +0 hat (worn)
 m - a +0 cloak (worn)
 q - a +0 buckler (worn)
Jewellery
 s - a ring of see invisible (left hand)
Wands
 p - a wand of digging (6)
Scrolls
 f - 4 scrolls of teleportation
 i - a scroll of immolation {unknown}
 k - a scroll of blinking {unknown}
 l - a scroll of enchant weapon {unknown}
 n - a scroll of magic mapping {unknown}
 o - a scroll of fog {unknown}
 t - 3 scrolls of remove curse {unknown}
Potions
 e - a potion of heal wounds
 g - a potion of berserk rage
 h - a potion of ambrosia {unknown}
 j - a potion of brilliance {unknown}
 r - 2 potions of haste {unknown}
 u - a potion of might {unknown}


   Skills:
 + Level 0.2 Fighting
 + Level 0.7 Short Blades
 + Level 3.1 Dodging
 + Level 2.1 Stealth
 + Level 4.2 Spellcasting
 + Level 2.7 Conjurations
 + Level 4.3 Summonings
 + Level 1.0 Translocations


You had 8 spell levels left.
You knew the following spells:

 Your Spells              Type           Power        Failure   Level
a - Magic Dart            Conj           44%          10%         1
b - Call Imp              Summ           16%          8%          2
c - Blink                 Tloc           N/A          30%         2

Your spell library contained the following spells:

 Spells                   Type           Power        Failure   Level
 Slow                     Hex            3%           41%         2
 Conjure Flame            Conj/Fire      7%           45%         3
 Mephitic Cloud           Conj/Pois/Air  5%           52%         3


Dungeon Overview and Level Annotations

Branches:
Dungeon (4/15)
 Temple: D:4-7

Altars:
Uskayaw


Innate Abilities, Weirdness & Mutations

You have a beak for a mouth.
You have claws for feet.
You can fly continuously.


Message History

You block the gnoll's attack.
You slash the gnoll! You claw the gnoll. You peck the gnoll, but do no damage.
The gnoll is severely wounded.
You feel sick. The gnoll misses you.
You riposte.
You hit the gnoll.
The gnoll is severely wounded.
The gnoll completely misses you. The gnoll misses you.
You barely miss the gnoll. You peck the gnoll, but do no damage.
The gnoll is severely wounded.
The gnoll hits you from afar with a +0 spear!
The gnoll hits you with a +2 halberd of venom.
You are more poisoned.
The gnoll hits you from afar with a +0 spear.
You barely miss the gnoll. You peck the gnoll, but do no damage.
The gnoll is severely wounded.
You feel sick. The gnoll barely misses you. The gnoll completely misses you.
You barely miss the gnoll.
The gnoll is severely wounded.
You feel sick. The gnoll closely misses you.
The gnoll hits you with a +2 halberd of venom!
You die...

####..# #..##.#
......######..##.#
###.........>.##.# #
#...######.###.# #
#.#..# #.# #.#
###....#####.###.#######
..............5g........
.......#####.###g#######
######†# #....@# #.#
####### #.# #.# #.. ###


You could see 2 gnolls.

Vanquished Creatures
  A hound (D:4)
  An iguana (D:4)
  4 adders (D:2)
  A gnoll (D:4)
  An ooze (D:1)
  A worm (D:2)
  2 dart slugs
  5 leopard geckos
  2 orcs
  4 giant cockroaches
  2 hobgoblins
  3 jackals (D:3)
  2 quokkas (D:4)
  7 bats
  4 frilled lizards (D:2)
  2 goblins
  A jackal skeleton (D:4)
  A kobold (D:2)
  2 rats
46 creatures vanquished.

Vanquished Creatures (collateral kills)
  2 scorpions (D:4)
  An orc wizard (D:4)
  A gnoll (D:4)
  2 worms (D:2)
  A leopard gecko (D:3)
  7 orcs
  A giant cockroach (D:3)
  A hobgoblin (D:2)
  A jackal (D:3)
  A ball python skeleton (D:4)
  A kobold (D:2)
  A rat (D:2)
20 creatures vanquished.

Grand Total: 66 creatures vanquished

Notes
Turn   | Place    | Note
-------+----------+-------------------------------------------
     0 | D:1      | petra the Tengu Hedge Wizard began the quest for the Orb.
     0 | D:1      | Reached XP level 1. HP: 10/10 MP: 5/5
   235 | D:1      | Reached skill level 1 in Translocations
   264 | D:1      | Reached XP level 2. HP: 15/15 MP: 7/7
  1041 | D:2      | Learned a level 2 spell: Call Imp
  1185 | D:2      | Reached XP level 3. HP: 19/19 MP: 2/9
  1577 | D:2      | Reached XP level 4. HP: 21/24 MP: 8/10
  2080 | D:2      | Learned a level 2 spell: Blink
  3338 | D:4      | Found a hide-covered altar of Uskayaw.
  3737 | D:4      | Gained mutation: You can fly continuously. [Tengu growth]
  3737 | D:4      | Reached XP level 5. HP: 17/28 MP: 7/12
  4163 | D:4      | Reached XP level 6. HP: 28/32 MP: 9/13
  4259 | D:4      | Slain by a gnoll

Illustrated notes

Levels and vault maps discovered:
D:1:      lemuel_arrival_lava_pool, layout_loops_cross
D:2:      layout_loops_ring
D:3:      layout_rooms, nzn_hepliaklqana_mist_gate, lightli_sewer_entry_pipes,
          uniq_robin
D:4:      layout_loops_ring, eat_drink_and_be_merry_uskayaw

Skill      XL: |  1  2  3  4  5 |
---------------+----------------+-----
Translocations | 1 |  1.0
Summonings     | 2 4 |  4.3
Conjurations   | 2 |  2.7
Spellcasting   | 4 |  4.2
Dodging        | 3 |  3.1
Fighting       | |  0.2
Short Blades   | |  0.7
Stealth        | |  2.1

Action                   |  1- 3 |  4- 6 || total
-------------------------+-------+-------++-------
Melee: Dagger            |    53 |    59 ||   112
       Kick              |    14 |    17 ||    31
       Peck              |     6 |    12 ||    18
       Long sword        |       |     9 ||     9
 Cast: Magic Dart        |    28 |    35 ||    63
       Call Imp          |     9 |    33 ||    42
 Abil: Fly               |       |     1 ||     1
  Use: Scroll            |     1 |     3 ||     4
       Potion            |       |     1 ||     1
 Stab: Sleeping          |     1 |     1 ||     2
Armor: Robe              |    14 |    19 ||    33
Dodge: Dodged            |    37 |    71 ||   108
Block: Buckler           |       |     5 ||     5
       Rpst.: Long sword |       |     4 ||     4
